 Dungeon Crawl Stone Soup version 0.18.1-48-g4cf74bf (webtiles) character file.

41475 dvd the Unseen (level 13, -5/63 HPs)
             Began as a Spriggan Assassin on Aug 12, 2016.
             Was the Champion of Pakellas.
             Shot with an arrow by Nessos (17 damage)
             ... on level 7 of the Lair of Beasts on Aug 13, 2016.
             The game lasted 01:47:57 (21209 turns).

dvd the Unseen (Spriggan Assassin)                 Turns: 21209, Time: 01:47:58

Health: -5/63      AC:  7    Str:  9    XL:     13   Next: 80%
Magic:  18/24      EV: 34    Int: 16    God:    Pakellas [******]
Gold:   1111       SH:  0    Dex: 25    Spells: 1 memorised, 12 levels left

rFire  + . .     SeeInvis +     a - +2 short sword (elec)
rCold  . . .     Gourm    .     U - +2 robe {rF+}
rNeg   . . .     Faith    .     (shield restricted)
rPois  +         Spirit   .     (helmet restricted)
rElec  +         Dismiss  .     f - +2 cloak {rPois}
rCorr  .         Reflect  .     (gloves unavailable)
SustAt .         Harm     .     (boots unavailable)
MR     +++..                    (no amulet)
Stlth  +++++++++.               Q - +4 ring of slaying
                                w - +6 ring of dexterity

@: very quick, extremely resistant to hostile enchantments, incredibly stealthy
A: unfitting armour, see invisible, clever 1, herbivore 3, speed 3, magic
resistance 1, electricity resistance, slow metabolism 2
a: Quick Charge, Device Surge, Supercharge, Renounce Religion


You were on level 7 of the Lair of Beasts.
You worshipped Pakellas.
Pakellas was exalted by your worship.
You were not hungry.

You visited 3 branches of the dungeon, and saw 19 of its levels.
You also visited: Ossuary and Volcano.

You collected 1267 gold pieces.
You spent 156 gold pieces at shops.

Inventory:

Hand Weapons
 a - a +2 short sword of electrocution (weapon)
 b - a +2 dagger of draining
 c - a +2 shortbow of flaming
 B - a +1 falchion of holy wrath
 P - the +1 whip of Growth {slash, -Tele +Rage rElec MP+9}
   (You found it on level 5 of the Lair of Beasts)

   It inflicts extra damage upon your enemies.
   It insulates you from electricity.
   It affects your magic capacity (+9).
   It lets you go berserk.
   It prevents most forms of teleportation.
 Z - a +1 dagger of venom
Missiles
 t - 24 tomahawks (quivered)
 u - 346 arrows
Armour
 f - a +2 cloak of poison resistance (worn)
 R - a +3 buckler
 U - a +2 robe of fire resistance (worn)
Rods
 G - a +1 iron rod (11/11)
   (You found it on level 4 of the Lair of Beasts)
 Y - a +9 rod of ignition (9/14)
   (Pakellas gifted it to you on level 3 of the Lair of Beasts)
Jewellery
 e - a +3 ring of evasion
 g - an uncursed ring of protection from magic
 w - a +6 ring of dexterity (left hand)
 Q - a +4 ring of slaying (right hand)
 W - the ring "Ucoawn" {Ice rPois MR+ MP-9 Int+3}
   (You found it on level 3 of the Lair of Beasts)

   [ring of ice]

   It enhances your ice magic, and weakens your fire magic.
   It affects your intelligence (+3).
   It makes you vulnerable to fire.
   It protects you from cold.
   It protects you from poison.
   It affects your resistance to hostile enchantments.
   It affects your magic capacity (-9).
Wands
 l - a wand of paralysis (22/24)
 v - a wand of flame (22/48)
 x - a wand of lightning (9/15)
 E - a wand of enslavement (16/24)
 F - a wand of iceblast (4/15)
 H - a wand of iceblast (7/15)
 K - a wand of confusion (26/48)
 V - a wand of digging (18/24)
Scrolls
 i - 2 scrolls of remove curse
 j - 24 scrolls of identify
 m - 3 scrolls of blinking
 q - 2 scrolls of enchant armour
 z - 2 scrolls of magic mapping
 C - 3 scrolls of fog
 D - 2 scrolls of fear
 J - 3 scrolls of recharging
 M - 5 scrolls of teleportation
Potions
 k - 5 potions of magic
 o - a potion of mutation
 p - a potion of agility
 r - 12 potions of curing
 s - 5 potions of might
 L - 2 potions of heal wounds
 N - a potion of flight
 O - a potion of brilliance
 X - a potion of ambrosia
Books
 I - a book of Ice

   Spells                             Type                      Level
   a - Ice Form                       Ice/Transmutation            4
   b - Metabolic Englaciation         Hexes/Ice                    5
   c - Ozocubu's Refrigeration        Ice                          6
   d - Bolt of Cold                   Conjuration/Ice              6
   e - Freezing Cloud                 Conjuration/Ice/Air          6
   f - Simulacrum                     Ice/Necromancy               6
Miscellaneous
 d - a box of beasts {used: 1}
 S - a disc of storms
Comestibles
 n - 34 fruits
 A - 9 bread rations


   Skills:
 + Level 5.3 Fighting
 + Level 8.3(8.5) Short Blades
 + Level 1.2(4.1) Long Blades
 + Level 8.1 Bows
 + Level 6.1 Throwing
 + Level 14.1 Dodging
 + Level 18.5 Stealth
 + Level 3.9 Shields
 + Level 1.0 Spellcasting
 + Level 0.6 Poison Magic
 * Level 14.1 Evocations


You had 12 spell levels left.
You knew the following spells:

 Your Spells              Type           Power        Failure   Level  Hunger
a - Cure Poison           Pois           #.........   30%         2    ###....


Dungeon Overview and Level Annotations

Branches:
Dungeon (11/15)            Temple (1/1) D:6            Lair (7/8) D:11
 Shoals (0/4) Lair:3       Spider (0/4) Lair:3        Slime (0/6) Lair:6
    Orc: D:9-12

Altars:
Ashenzari
Cheibriados
Dithmenos
Elyvilon
Fedhas
Gozag
Kikubaaqudgha
Makhleb
Nemelex Xobeh
Okawaru
Pakellas
Qazlal
Ru
Sif Muna
Trog
Vehumet
Xom
Yredelemnul
Zin
The Shining One
Jiyva

Shops:
D:5 [   D:7 ?

Annotations:
Lair:7 Nessos


Innate Abilities, Weirdness & Mutations

You are tiny and cannot use many weapons and most armour.
You have supernaturally acute eyesight.
You are a herbivore.
You cover ground extremely quickly.
You need consume almost no food.
Your mind is acute. (Int +2)
You are resistant to hostile enchantments.
You are resistant to electric shocks.


Message History

Evoke which item? (* to show all) (? for menu, Esc to quit)
Zapping:
K - a wand of confusion (27/48)
Press: ? - help, Shift-Dir - straight line, f - Nessos
Aim: Nessos, wielding a longbow of flaming and wearing a centaur barding (fast, chance to defeat MR: 72%) Nessos appears confused.
This wand has 26 charges left.
You feel sick.
Nessos drinks a potion.
Nessos seems less confused.
Nessos shoots an arrow.
The arrow hits you!!
* * * LOW HITPOINT WARNING * * *
The arrow burns you.
You are lethally poisoned!
* * * LOW HITPOINT WARNING * * *
The river rat misses you.
You see here an arrow.
Drink which item? (? for menu, Esc to quit)
You feel better.
Nessos shoots an arrow.
The arrow completely misses you. The river rat bites you.
* * * LOW HITPOINT WARNING * * *
Nessos shoots an arrow.
The arrow hits you!
You die...
Pakellas says: Good help is so hard to find these days!

...#. ...... ##.....
...... .. ....... .....
..( ..............<..
....### ##(..........#.#..
.....#.##.............#...
....#..#.(............##..
......P.(.(........... #..
.$.......@...........# ##.
..........r........## #..
............†....r..# #..
....c.............P.# #.
...!.........##†#.P##
.............# ## ##
............##
.#....#.....###
#....#.....#.#


You could see Nessos and a river rat.

Vanquished Creatures
  Kirke (Lair:6)
  Maud (Lair:7)
  Harold (Lair:4)
  6 hydras
  A centaur warrior (D:11)
  A slime creature (D:9)
  A hill giant (D:10)
  A manticore (Volcano)
  5 black mambas
  A torpor snail (Lair:7)
  2 gargoyles (D:11)
  9 komodo dragons
  6 spiny frogs
  2 rime drakes
  5 trolls
  A jumping spider (Lair:3)
  5 polar bears
  A two-headed ogre (D:11)
  Grinder (D:3)
  8 blink frogs
  9 spriggans
  5 wyverns
  2 wraiths (Lair:4)
  A hog (Lair:6)
  3 fire bats (Volcano)
  34 yaks
  6 basilisks
  9 hippogriffs
  A hungry ghost (D:7)
  Menkaure (D:7)
  2 mottled dragons (Volcano)
  8 water moccasins
  A hell hound (Volcano)
  2 ice beasts
  10 porcupines
  5 orc warriors
  2 wasps
  A necrophage (D:9)
  A phantom (D:7)
  3 ogres
  3 wolves (Lair:2)
  21 crocodiles
  11 centaurs
  2 big kobolds
  9 giant frogs
  An elf zombie (Ossuary)
  2 scorpions
  3 killer bees (D:10)
  3 wights (D:7)
  2 howler monkeys (D:9)
  A lava snake (D:7)
  A crimson imp (D:9)
  A giant frog zombie (D:5)
  2 centaur zombies
  A quasit (D:9)
  3 hounds
  6 jellies
  A human zombie (Ossuary)
  3 orc priests
  2 giant frog skeletons
  5 orc wizards
  11 iguanas
  Natasha (twice) (D:2)
  8 worker ants
  12 sheep
  2 hound zombies (Ossuary)
  A hound skeleton (D:6)
  4 mummies (Ossuary)
  Robin (D:2)
  2 worker ant zombies
  A howler monkey skeleton (D:10)
  14 adders
  40 river rats
  5 shadow imps
  An ooze (D:4)
  An adder zombie (Ossuary)
  5 worms
  2 dart slugs
  5 giant geckos
  36 orcs
  A ball python (D:1)
  3 giant cockroaches
  2 gnoll zombies (Ossuary)
  10 goblins
  11 hobgoblins
  12 jackals
  12 kobolds
  2 quokkas
  15 bats
  9 giant newts
  A jackal zombie (Ossuary)
  2 kobold zombies (Ossuary)
  An orc zombie (Ossuary)
  6 rats
  A rat zombie (Ossuary)
  A plant (D:11)
490 creatures vanquished.

Vanquished Creatures (collateral kills)
  Josephine (Lair:4)
  A yak (Lair:4)
  A rime drake (Lair:4)
  A hell hound (Volcano)
  A wraith (Lair:4)
  A fire bat (Volcano)
  A kobold (D:9)
7 creatures vanquished.

Vanquished Creatures (others)
  A human (Lair:6)
  A fire bat (Volcano)
  A water moccasin (Lair:6)
  A sheep (Lair:6)
  3 fungi
7 creatures vanquished.

Grand Total: 504 creatures vanquished

Notes
Turn   | Place    | Note
--------------------------------------------------------------
     0 | D:1      | dvd the Spriggan Assassin began the quest for the Orb.
     0 | D:1      | Reached XP level 1. HP: 10/10 MP: 2/2
   199 | D:1      | Reached skill level 6 in Stealth
   294 | D:1      | Reached XP level 2. HP: 13/14 MP: 3/3
   875 | D:2      | Reached XP level 3. HP: 18/18 MP: 4/4
   954 | D:2      | Noticed Natasha
   983 | D:2      | Killed Natasha
   983 | D:2      | Reached skill level 7 in Stealth
  1549 | D:2      | Reached XP level 4. HP: 9/23 MP: 5/5
  1827 | D:2      | Found a burning altar of Makhleb.
  2108 | D:2      | Noticed Robin
  2138 | D:2      | Killed Robin
  2138 | D:2      | Reached XP level 5. HP: 26/26 MP: 6/6
  2660 | D:2      | Noticed Natasha
  2676 | D:2      | Killed Natasha
  2950 | D:2      | Found a stormy altar of Qazlal.
  3059 | D:2      | Found a deep blue altar of Sif Muna.
  3340 | D:3      | Noticed Grinder
  3347 | D:3      | Killed Grinder
  3347 | D:3      | Reached skill level 5 in Dodging
  3347 | D:3      | Reached skill level 8 in Stealth
  3347 | D:3      | Reached XP level 6. HP: 30/30 MP: 7/7
  3634 | D:3      | Found an opulent altar of Gozag.
  4611 | D:5      | Entered Level 5 of the Dungeon
  4641 | D:5      | Found a sand-covered staircase.
  4653 | Ossuary  | Entered an ossuary
  4671 | Ossuary  | Reached skill level 1 in Evocations
  4707 | Ossuary  | Reached XP level 7. HP: 22/34 MP: 8/8
  4980 | Ossuary  | Reached skill level 9 in Stealth
  5100 | Ossuary  | Learned a level 2 spell: Cure Poison
  5448 | D:5      | Found Emnum's Antique Armour Emporium.
  5456 | D:5      | Bought a glowing robe for 21 gold pieces
  5697 | D:5      | Reached skill level 10 in Stealth
  5927 | D:5      | Gained mutation: Your muscles are strong. (Str +2) [potion of beneficial mutation]
  5930 | D:5      | Gained mutation: Your magical capacity is low (-10% MP). [potion of mutation]
  5930 | D:5      | Gained mutation: You are partially covered in iridescent scales (AC +4). [potion of mutation]
  5932 | D:5      | Lost mutation: Your muscles are strong. (Str +2) [potion of cure mutation]
  5932 | D:5      | Lost mutation: Your magical capacity is low (-10% MP). [potion of cure mutation]
  5932 | D:5      | Lost mutation: You are partially covered in iridescent scales (AC +4). [potion of cure mutation]
  6007 | D:6      | Reached XP level 8. HP: 39/39 MP: 11/11
  6307 | D:6      | Found a staircase to the Ecumenical Temple.
  6316 | Temple   | Entered the Ecumenical Temple
  6327 | Temple   | Became a worshipper of Pakellas the Inventive
  6763 | D:6      | Found a sacrificial altar of Ru.
  6884 | D:6      | Reached skill level 11 in Stealth
  8121 | D:7      | Found Xuaxte's Magic Scroll Shoppe.
  8204 | D:5      | Bought an embroidered cloak for 135 gold pieces
  8286 | D:7      | Reached skill level 1 in Bows
  8512 | D:7      | Noticed Menkaure
  8725 | D:7      | Killed Menkaure
  8725 | D:7      | Reached skill level 12 in Stealth
  8725 | D:7      | Reached skill level 5 in Evocations
  8901 | D:7      | Reached XP level 9. HP: 44/44 MP: 13/13
  9472 | D:7      | Reached * piety under Pakellas
  9472 | D:7      | Received a gift from Pakellas
  9472 | D:7      | Reached skill level 5 in Throwing
  9877 | D:8      | Noticed a troll
  9884 | D:8      | Killed a troll
 10907 | D:9      | Reached skill level 1 in Long Blades
 10907 | D:9      | Reached skill level 13 in Stealth
 10925 | D:9      | Noticed a troll
 10927 | D:9      | Reached XP level 10. HP: 38/49 MP: 11/16
 11083 | D:9      | Reached skill level 5 in Bows
 11480 | D:9      | Reached ** piety under Pakellas
 11480 | D:9      | Received a gift from Pakellas
 11993 | D:10     | Entered Level 10 of the Dungeon
 12777 | D:10     | Reached *** piety under Pakellas
 12777 | D:10     | Received a gift from Pakellas
 12793 | D:10     | Noticed a hill giant
 12796 | D:10     | Killed a hill giant
 12796 | D:10     | Reached skill level 14 in Stealth
 13059 | D:11     | Reached skill level 5 in Short Blades
 13142 | D:11     | Noticed a gargoyle
 13151 | D:11     | Killed a gargoyle
 13151 | D:11     | Reached skill level 10 in Dodging
 13202 | D:11     | Reached XP level 11. HP: 38/53 MP: 8/18
 13469 | D:11     | Found a staircase to the Lair.
 13580 | D:11     | Noticed a centaur warrior
 13588 | D:11     | Killed a centaur warrior
 13941 | Lair:1   | Entered Level 1 of the Lair of Beasts
 13954 | Lair:1   | Reached skill level 15 in Stealth
 13963 | Lair:1   | Reached skill level 10 in Evocations
 14227 | Lair:1   | Reached **** piety under Pakellas
 14227 | Lair:1   | Received a gift from Pakellas
 14698 | Lair:2   | Found a dark tunnel.
 14708 | Volcano  | Entered a volcano
 14746 | Volcano  | Reached skill level 1 in Shields
 14817 | Lair:2   | Noticed an eight-headed hydra
 14877 | Lair:2   | Killed an eight-headed hydra
 15147 | Lair:2   | Reached skill level 16 in Stealth
 15463 | Lair:2   | Reached XP level 12. HP: 58/58 MP: 16/21
 15741 | Lair:3   | Found a hole to the Spider Nest.
 15747 | Lair:3   | Gained mutation: You are resistant to hostile enchantments. [potion of beneficial mutation]
 15913 | Lair:3   | Got a crude bone ring
 15915 | Lair:3   | Identified the ring "Ucoawn" {Ice rPois MR+ MP-9 Int+3} (You found it on level 3 of the Lair of Beasts)
 16167 | Lair:3   | Reached ***** piety under Pakellas
 16167 | Lair:3   | Received a gift from Pakellas
 16175 | Lair:3   | Identified a +8 rod of ignition (13/13) (Pakellas gifted it to you on level 3 of the Lair of Beasts)
 16552 | Lair:3   | Found a staircase to the Shoals.
 17465 | Lair:4   | Noticed a four-headed hydra
 17467 | Lair:4   | Killed a four-headed hydra
 17597 | Lair:4   | Reached skill level 17 in Stealth
 17717 | Lair:4   | Noticed Josephine
 17970 | Lair:4   | Noticed Harold
 17989 | Lair:4   | Killed Harold
 18324 | Lair:4   | Noticed a six-headed hydra
 18339 | Lair:4   | Killed a six-headed hydra
 18554 | Lair:4   | Killed Josephine
 18600 | Lair:4   | Reached XP level 13. HP: 51/63 MP: 19/23
 18946 | Lair:5   | Got a faintly glowing whip
 18947 | Lair:5   | Identified the cursed +1 whip of Growth {slash, -Tele +Rage rElec MP+9} (You found it on level 5 of the Lair of Beasts)
 19011 | Lair:5   | Reached skill level 5 in Fighting
 19651 | Lair:6   | Reached skill level 18 in Stealth
 19680 | Lair:6   | Reached ****** piety under Pakellas
 19709 | Lair:6   | Gained mutation: You are resistant to electric shocks. [potion of beneficial mutation]
 19710 | Lair:6   | Gained mutation: Your mind is acute. (Int +2) [potion of beneficial mutation]
 19827 | Lair:6   | Noticed Kirke
 19835 | Lair:6   | Found a staircase to the Slime Pits.
 19836 | Lair:6   | Killed Kirke
 19837 | Lair:6   | Found a viscous altar of Jiyva.
 19860 | Lair:6   | Reached skill level 1 in Spellcasting
 20537 | Lair:7   | Noticed Maud
 20643 | Lair:7   | Killed Maud
 21199 | Lair:7   | Noticed Nessos
 21209 | Lair:7   | Shot with an arrow by Nessos

Skill      XL: |  1  2  3  4  5  6  7  8  9 10 11 12 13 |
---------------+----------------------------------------+-----
Stealth        | 6 7 8 10 12 13 14 16 17 18 | 18.5
Dodging        | 2 3 5 6 7 8 10 11 13 14 | 14.1
Throwing       | 3 4 5 6 |  6.1
Evocations     | 1 3 5 7 9 11 12 14 | 14.1
Fighting       | 2 3 4 5 |  5.3
Short Blades   | 3 4 5 6 7 8 |  8.3
Bows           | 2 4 7 8 |  8.1
Long Blades    | 1 |  1.2
Shields        | 1 3 |  3.9
Spellcasting   | 1 |  1.0
Poison Magic   | |  0.6

Action                   |  1- 3 |  4- 6 |  7- 9 | 10-12 | 13-15 || total
-------------------------+-------+-------+-------+-------+-------++-------
Melee: Dagger            |    56 |   160 |   188 |   231 |     1 ||   636
       Falchion          |       |     3 |    50 |       |       ||    53
       Short sword       |       |       |       |   313 |   227 ||   540
 Fire: Blowgun           |    57 |    50 |     8 |    25 |       ||   140
       Shortbow          |       |       |    63 |    80 |    24 ||   167
Throw: Tomahawk          |       |       |    12 |    12 |    12 ||    36
       Stone             |       |       |    11 |       |       ||    11
 Cast: Cure Poison       |       |       |       |       |     3 ||     3
Invok: Quick Charge      |       |       |     2 |    12 |     3 ||    17
Evoke: Wand              |       |    10 |    40 |    78 |    17 ||   145
       Disc of storms    |       |       |       |    10 |       ||    10
       Box of beasts     |       |       |       |     1 |       ||     1
       Rod               |       |       |       |     5 |     4 ||     9
  Use: Scroll            |       |     2 |    10 |     9 |     6 ||    27
       Potion            |       |       |    16 |     4 |     3 ||    23
 Stab: Sleeping          |    11 |    20 |    27 |    47 |    24 ||   129
       Distracted        |       |     1 |     1 |     7 |     1 ||    10
       Paralysed         |       |     6 |    16 |    29 |     2 ||    53
       Confused          |       |       |       |       |     2 ||     2
  Eat: Pizza             |       |     1 |     1 |       |     1 ||     3
       Bread ration      |       |       |     1 |     2 |       ||     3
       Royal jelly       |       |       |       |     1 |       ||     1
       Fruit             |       |       |       |     1 |       ||     1
Armor: Robe              |     5 |    16 |    21 |    19 |     2 ||    63
Dodge: Dodged            |    65 |   111 |   208 |   399 |   146 ||   929
Block: Buckler           |       |       |    29 |    99 |    64 ||   192
